cohdb
Replays
Latest Replays
All Replays
Popular Replays
Top Player Replays
Match Explorer
How It Works
Community
CoH3 Stats
Reddit
Sign in to upload your games and track your stats! →
Sign in with Steam
Match 44422671
Unlisted
Match 44422671
Overview
Messages
Build Orders
End
Scout Squad
Construct Barracks
Selects Heavy Weapons
Riflemen Squad
1⁄4-ton 4x4 Truck
Riflemen Squad
Mechanized Support Center
Construct Weapon Support Center
Designate Forward Repair Station
Selects Assault Carriers
M3 Assault Carrier
Grenade Package
M1919 Machine Gun Team
Construct Medical Station
Selects Exchangeable Parts
Selects M2HB .50cal Heavy Machine Gun
M3 Assault Carrier
Designate Forward Repair Station
M1918 Browning Automatic Rifles
M1919 Machine Gun Team
Engineer Squad
Construct Tank Depot
M1919 Machine Gun Team
M4A1 Sherman Medium Tank
M4A1 76mm Conversion
ForeheadRamsay
Dad.ergo
Legionary
Munkee121
WilMax
Artamoule
0
0
Comments
sign in to comment!
No comments posted yet!